NWL (28 & UNDER)
BISMARK BORDER GUARDS @ RED DEER WRANGLERS
08/21/2028
 
TOP OF THE 1ST
Bismark Border Guards batting - Pitching for Red Deer Wranglers : RHP Daniel Casey
Pitching: RHP Daniel Casey
Batting: LHB Pedro Camacho 0-0: Ball
1-0: Swinging Strike
1-1: Ball
2-1: Ball
3-1: Foul Ball, location: 2F
3-2: Foul Ball, location: 2F
3-2: Strikes out swinging
Batting: RHB Alfredo Farías 0-0: Foul Ball, location: 2F
0-1: Ball
1-1: SINGLE (Groundball, 4D)
Batting: LHB José Delgado 0-0: Ball
Alfredo Farías is caught stealing 2nd base
1-0: Ball
2-0: Ball
3-0: Called Strike
3-1: Swinging Strike
3-2: Foul Ball, location: 2F
3-2: Strikes out looking
Top of the 1st over - 0 run(s), 1 hit(s), 0 error(s), 0 left on base; Bismark 0 - Red Deer 0
BOTTOM OF THE 1ST
Red Deer Wranglers batting - Pitching for Bismark Border Guards : RHP Miguel Valenzuela
Pitching: RHP Miguel Valenzuela
Batting: RHB Xavier López 0-0: Ball
1-0: Called Strike
1-1: Ball
2-1: Foul Ball, location: 2F
2-2: Strikes out swinging
Batting: LHB Jorge Olvera 0-0: Ball
1-0: Called Strike
1-1: Called Strike
1-2: Foul Ball, location: 2F
1-2: Fly out, F8 (Flyball, 8RS)
Batting: RHB Ricardo González 0-0: Ball
1-0: Ball
2-0: Ball
3-0: Called Strike
3-1: Base on Balls
Batting: LHB Andrew Veeck 0-0: Called Strike
0-1: Ball
1-1: Swinging Strike
1-2: SINGLE (Flyball, 9S)
Ricardo González to second
Runner from 2nd tries for 3rd, SAFE, throw made to third
Batting: RHB Luis Ibarra 0-0: Ball
1-0: Ball
Wild Pitch!
Ricardo González scores
Andrew Veeck to second
2-0: Ball
3-0: Base on Balls
Batting: SHB Robbie Rhodes 0-0: Ball
1-0: Ball
2-0: Foul Ball, location: 2F
2-1: Ball
3-1: Base on Balls
Andrew Veeck to third
Luis Ibarra to second
Batting: RHB Ben Fisher 0-0: Ball
1-0: Fly out, F7 (Flyball, 7LS)
Bottom of the 1st over - 1 run(s), 1 hit(s), 0 error(s), 3 left on base; Bismark 0 - Red Deer 1
TOP OF THE 2ND
Bismark Border Guards batting - Pitching for Red Deer Wranglers : RHP Daniel Casey
Batting: RHB Rob Schmidt 0-0: Ball
1-0: Called Strike
1-1: Ball
2-1: Foul Ball, location: 2F
2-2: Strikes out swinging
Batting: LHB Cisco Villanueva 0-0: Ball
1-0: Called Strike
1-1: Ball
2-1: Ball
3-1: Ground out U3 (Groundball, 3)
Batting: LHB Manuel Pérez 0-0: Called Strike
0-1: Foul Ball, location: 2F
0-2: Strikes out swinging
Top of the 2nd over - 0 run(s), 0 hit(s), 0 error(s), 0 left on base; Bismark 0 - Red Deer 1
BOTTOM OF THE 2ND
Red Deer Wranglers batting - Pitching for Bismark Border Guards : RHP Miguel Valenzuela
Batting: LHB Héctor Santos 0-0: Foul Ball, location: 2F
0-1: Foul Ball, location: 2F
0-2: Foul Ball, location: 2F
0-2: Strikes out swinging
Batting: RHB Steve Burton 0-0: Ball
1-0: SINGLE (Line Drive, 89S)
Batting: RHB Xavier López 0-0: Called Strike
0-1: Ball
1-1: Fielders Choice at 2nd, 6-4 (Groundball, 6)
Batting: LHB Jorge Olvera 0-0: Ball
1-0: Ball
2-0: Ball
3-0: Called Strike
3-1: Foul Ball, location: 2F
3-2: Strikes out swinging
Bottom of the 2nd over - 0 run(s), 1 hit(s), 0 error(s), 1 left on base; Bismark 0 - Red Deer 1
TOP OF THE 3RD
Bismark Border Guards batting - Pitching for Red Deer Wranglers : RHP Daniel Casey
Batting: RHB Jeremiah Soto 0-0: Bunt for hit - play at first, batter safe!
Batting: SHB Júlio Romano 0-0: Called Strike
0-1: Ball
1-1: Fly out, F8 (Line Drive, 8LM)
Batting: RHB Chad Battle 0-0: Ball
Jeremiah Soto is caught stealing 2nd base
1-0: Ball
2-0: Foul Ball, location: 2F
2-1: DOUBLE (Line Drive, 9LM)
Batting: LHB Pedro Camacho 0-0: Ball
1-0: Ball
2-0: Ball
3-0: Called Strike
3-1: Fly out, F9 (Flyball, 9)
Top of the 3rd over - 0 run(s), 2 hit(s), 0 error(s), 1 left on base; Bismark 0 - Red Deer 1
BOTTOM OF THE 3RD
Red Deer Wranglers batting - Pitching for Bismark Border Guards : RHP Miguel Valenzuela
Batting: RHB Ricardo González 0-0: Ball
1-0: Ball
2-0: Called Strike
2-1: Fly out, F8 (Flyball, 8LD)
Batting: LHB Andrew Veeck 0-0: Fly out, F9 (Line Drive, 9S)
Batting: RHB Luis Ibarra 0-0: Ball
1-0: Ball
2-0: Ball
3-0: Called Strike
3-1: Fly out, F9 (Flyball, 9S)
Bottom of the 3rd over - 0 run(s), 0 hit(s), 0 error(s), 0 left on base; Bismark 0 - Red Deer 1
TOP OF THE 4TH
Bismark Border Guards batting - Pitching for Red Deer Wranglers : RHP Daniel Casey
Batting: RHB Alfredo Farías 0-0: Called Strike
0-1: Foul Ball, location: 2F
0-2: Ball
1-2: SINGLE (Groundball, 34D)
Batting: LHB José Delgado 0-0: Ball
1-0: Ball
2-0: Foul Ball, location: 2F
2-1: Ground out 4-3 (Groundball, 6M)
Alfredo Farías to second
Batting: RHB Rob Schmidt 0-0: Ball
1-0: Ball
2-0: Called Strike
2-1: Called Strike
2-2: Ball
3-2: Strikes out swinging
Batting: LHB Cisco Villanueva 0-0: Ball
1-0: Called Strike
1-1: Swinging Strike
1-2: Ball
2-2: Ball
3-2: Foul Ball, location: 2F
3-2: Base on Balls
Batting: LHB Manuel Pérez 0-0: Foul Ball, location: 2F
0-1: Foul Ball, location: 2F
0-2: Ball
1-2: Ball
2-2: Foul Ball, location: 2F
2-2: Ball
3-2: Ground out U3 (Groundball, 34)
Top of the 4th over - 0 run(s), 1 hit(s), 0 error(s), 2 left on base; Bismark 0 - Red Deer 1
BOTTOM OF THE 4TH
Red Deer Wranglers batting - Pitching for Bismark Border Guards : RHP Miguel Valenzuela
Batting: SHB Robbie Rhodes 0-0: Ball
1-0: Ground out 4-3 (Groundball, 4)
Batting: RHB Ben Fisher 0-0: Swinging Strike
0-1: Called Strike
0-2: Strikes out swinging
Batting: LHB Héctor Santos 0-0: Ball
1-0: Called Strike
1-1: Foul Ball, location: 2F
1-2: Strikes out swinging
Bottom of the 4th over - 0 run(s), 0 hit(s), 0 error(s), 0 left on base; Bismark 0 - Red Deer 1
TOP OF THE 5TH
Bismark Border Guards batting - Pitching for Red Deer Wranglers : RHP Daniel Casey
Batting: RHB Jeremiah Soto 0-0: Ball
1-0: Reached on error, E1 (Groundball, 15)
Batting: SHB Júlio Romano 0-0: Ball
1-0: Grounds into double play, 4-6-3 (Groundball, 4)
Batting: RHB Chad Battle 0-0: Ground out 6-3 (Groundball, 6)
Top of the 5th over - 0 run(s), 0 hit(s), 1 error(s), 0 left on base; Bismark 0 - Red Deer 1
BOTTOM OF THE 5TH
Red Deer Wranglers batting - Pitching for Bismark Border Guards : RHP Miguel Valenzuela
Batting: RHB Steve Burton 0-0: Called Strike
0-1: Foul Ball, location: 2F
0-2: Strikes out swinging
Batting: RHB Xavier López 0-0: Ball
1-0: Ball
2-0: Ball
3-0: Called Strike
3-1: Swinging Strike
3-2: Foul Ball, location: 2F
3-2: Base on Balls
Batting: LHB Jorge Olvera 0-0: Called Strike
0-1: Ball
1-1: Ball
2-1: Foul Ball, location: 2F
2-2: Ball
3-2: Base on Balls
Xavier López to second
Batting: RHB Ricardo González 0-0: Ball
1-0: Ball
2-0: Swinging Strike
2-1: Ball
3-1: Swinging Strike
3-2: Strikes out swinging
Batting: LHB Andrew Veeck 0-0: Foul Ball, location: 2F
0-1: Swinging Strike
0-2: Ball
1-2: Ball
2-2: Ball
3-2: Base on Balls
Xavier López to third
Jorge Olvera to second
Batting: RHB Luis Ibarra 0-0: Foul Ball, location: 2F
0-1: Called Strike
0-2: Ball
1-2: Ball
2-2: Fielders Choice at 2nd, 5-4 (Groundball, 56)
Bottom of the 5th over - 0 run(s), 0 hit(s), 0 error(s), 2 left on base; Bismark 0 - Red Deer 1
TOP OF THE 6TH
Bismark Border Guards batting - Pitching for Red Deer Wranglers : RHP Daniel Casey
Batting: LHB Pedro Camacho 0-0: Ball
1-0: Called Strike
1-1: Ground out 4-3 (Groundball, 34D)
Batting: RHB Alfredo Farías 0-0: Ball
1-0: Ball
2-0: Swinging Strike
2-1: Foul Ball, location: 2F
2-2: Foul Ball, location: 2F
2-2: Ball
3-2: Strikes out swinging
Batting: LHB José Delgado 0-0: SINGLE (Line Drive, 4D)
Batting: RHB Rob Schmidt 0-0: Ball
Pickoff Throw to First - Out!
Top of the 6th over - 0 run(s), 1 hit(s), 0 error(s), 0 left on base; Bismark 0 - Red Deer 1
BOTTOM OF THE 6TH
Red Deer Wranglers batting - Pitching for Bismark Border Guards : RHP Miguel Valenzuela
Pitching: RHP Jim Thompson
Batting: SHB Robbie Rhodes 0-0: Called Strike
0-1: Foul Ball, location: 2F
0-2: Foul Ball, location: 2F
0-2: Ball
1-2: Foul Ball, location: 2F
1-2: Foul Ball, location: 2F
1-2: Foul Ball, location: 2F
1-2: Ball
2-2: Fly out, F9 (Flyball, 9LM)
Batting: RHB Ben Fisher 0-0: Ball
1-0: Ball
2-0: Ball
3-0: Called Strike
3-1: Base on Balls
Batting: LHB Héctor Santos 0-0: Ball
1-0: Swinging Strike
1-1: Foul Ball, location: 2F
1-2: Foul Ball, location: 2F
1-2: Strikes out looking
Batting: RHB Steve Burton 0-0: Ball
1-0: Foul Ball, location: 2F
1-1: Called Strike
1-2: Strikes out swinging
Bottom of the 6th over - 0 run(s), 0 hit(s), 0 error(s), 1 left on base; Bismark 0 - Red Deer 1
TOP OF THE 7TH
Bismark Border Guards batting - Pitching for Red Deer Wranglers : RHP Daniel Casey
Batting: RHB Rob Schmidt 0-0: Swinging Strike
0-1: Foul Ball, location: 2F
0-2: Ground out 5-3 (Groundball, 56)
Batting: LHB Cisco Villanueva 0-0: Called Strike
0-1: SINGLE (Flyball, 8RS)
Batting: LHB Manuel Pérez 0-0: Called Strike
0-1: Foul Ball, location: 2F
Pickoff Throw to First - Out!
0-2: Foul Ball, location: 2F
0-2: DOUBLE (Line Drive, 9LM)
Pitching: RHP Daniel De Jesús
Batting: RHB Jeremiah Soto 0-0: Foul Ball, location: 2F
0-1: Called Strike
0-2: Strikes out swinging
Top of the 7th over - 0 run(s), 2 hit(s), 0 error(s), 1 left on base; Bismark 0 - Red Deer 1
BOTTOM OF THE 7TH
Red Deer Wranglers batting - Pitching for Bismark Border Guards : RHP Jim Thompson
Batting: RHB Xavier López 0-0: Ball
1-0: Called Strike
1-1: Called Strike
1-2: Ball
2-2: Foul Ball, location: 2F
2-2: Strikes out swinging
Batting: LHB Jorge Olvera 0-0: DOUBLE (Line Drive, 9LS)
Batting: RHB Ricardo González 0-0: Called Strike
Jorge Olvera is caught stealing 3rd base
0-1: Ball
1-1: Swinging Strike
1-2: Strikes out swinging
Bottom of the 7th over - 0 run(s), 1 hit(s), 0 error(s), 0 left on base; Bismark 0 - Red Deer 1
TOP OF THE 8TH
Bismark Border Guards batting - Pitching for Red Deer Wranglers : RHP Daniel De Jesús
Batting: SHB Júlio Romano 0-0: SINGLE (Groundball, 3) (infield hit)
Batting: RHB Chad Battle 0-0: Foul Ball, location: 2F
0-1: Fly out, F8 (Flyball, 8RM)
Pitching: LHP Macy Catron
Pinch Hitting: RHB Vincent Braun 0-0: Ball
1-0: Fly out, F3 (Line Drive, 3L)
Pitching: RHP Jeffery Lockhart
Pinch Hitting: SHB Vicente Pagán 0-0: Called Strike
0-1: Foul Ball, location: 2F
0-2: Ball
1-2: SINGLE (Groundball, 34D)
Júlio Romano to second
Runner from 2nd tries for 3rd, SAFE, throw made to third
Batting: LHB José Delgado 0-0: Called Strike
0-1: Foul Ball, location: 2F
0-2: Ball
1-2: Ball
2-2: Strikes out swinging
Top of the 8th over - 0 run(s), 2 hit(s), 0 error(s), 2 left on base; Bismark 0 - Red Deer 1
BOTTOM OF THE 8TH
Red Deer Wranglers batting - Pitching for Bismark Border Guards : RHP Jim Thompson
Now at 1B: Vicente Pagán
Now in CF: Juan Viera
Batting: LHB Andrew Veeck 0-0: Ball
1-0: Fly out, F7 (Flyball, 78S)
Pitching: RHP Tony Baltazar
Batting: RHB Luis Ibarra 0-0: Foul Ball, location: 2F
0-1: Swinging Strike
0-2: Ball
1-2: Ball
2-2: Strikes out looking
Batting: SHB Robbie Rhodes 0-0: Called Strike
0-1: Ball
1-1: Called Strike
1-2: Ball
2-2: Strikes out looking
Bottom of the 8th over - 0 run(s), 0 hit(s), 0 error(s), 0 left on base; Bismark 0 - Red Deer 1
TOP OF THE 9TH
Bismark Border Guards batting - Pitching for Red Deer Wranglers : RHP Jeffery Lockhart
Pitching: RHP Raúl Zumaya
Batting: RHB Rob Schmidt 0-0: Ball
1-0: Foul Ball, location: 2F
1-1: Swinging Strike
1-2: Strikes out swinging
Batting: LHB Cisco Villanueva 0-0: Fly out, F7 (Flyball, 7LM)
Batting: LHB Manuel Pérez 0-0: Ball
1-0: Called Strike
1-1: Ball
2-1: Foul Ball, location: 2F
2-2: Ball
3-2: Strikes out swinging
Top of the 9th over - 0 run(s), 0 hit(s), 0 error(s), 0 left on base; Bismark 0 - Red Deer 1
Tuesday, August 8th, 2017 - OOTP Baseball 17.12 Build 75